 Dungeon Crawl Stone Soup version 0.28-a0-1143-gcf6077d4cc (webtiles) character file.

Game seed: 18297601125032438198

1324 blank1 the Fighter (level 8, -2/74 HPs)
             Began as a Minotaur Fighter on Dec 14, 2021.
             Slain by a water moccasin (4 damage)
             ... on level 6 of the Dungeon.
             The game lasted 00:08:51 (4042 turns).

blank1 the Fighter (Minotaur Fighter)               Turns: 4042, Time: 00:08:52

Health: -2/74      AC: 15    Str: 23    XL:     8   Next: 33%
Magic:  7/7        EV:  5    Int:  5    God:
Gold:   230        SH: 14    Dex: 10    Spells: 7/7 levels left

rFire   . . .      SeeInvis .   a - +0 flail
rCold   . . .      Faith    .   l - +2 tower shield
rNeg    . . .      Spirit   .   i - +0 chain mail
rPois   .          Reflect  .   (helmet restricted)
rElec   .          Harm     .   (no cloak)
rCorr   .          Rampage  .   c - +0 pair of gloves
Will    .....                   (no boots)
Stlth   ..........              (no amulet)
HPRegen 0.22/turn               f - +4 ring of protection
MPRegen 0.10/turn               (no ring)

@: lethally poisoned (-2 -> -24), attractive
A: horns 2, retaliatory headbutt
a: no special abilities


You were on level 6 of the Dungeon.
You visited 1 branch of the dungeon, and saw 6 of its levels.

You collected 230 gold pieces.

Inventory:

Hand Weapons
 a - a +0 flail (weapon)
Missiles
 r - a throwing net (quivered)
Armour
 c - a +0 pair of gloves (worn)
 i - a +0 chain mail (worn)
 l - a +2 tower shield (worn)
Jewellery
 f - a +4 ring of protection (left hand)
Wands
 t - a wand of paralysis (10)
Scrolls
 b - a scroll of blinking
 d - a scroll of vulnerability
 e - a scroll of magic mapping
 h - a scroll of fog {unknown}
 n - 3 scrolls of identify {unknown}
 o - a scroll of teleportation {unknown}
 p - a scroll of amnesia {unknown}
 q - a scroll of enchant weapon {unknown}
 s - a scroll of noise {unknown}
Potions
 j - a potion of mutation {unknown}
 k - a potion of haste {unknown}
 m - a potion of attraction


   Skills:
 - Level 8.0 Fighting
 - Level 8.0 Maces & Flails
 + Level 5.4 Armour
 - Level 4.0 Dodging
 - Level 4.0 Shields


You had 7 spell levels left.
You didn't know any spells.
Your spell library contained the following spells:

 Spells                   Type           Power      Damage    Failure   Level
 Animate Skeleton         Necr           0%         N/A       100%        1
 Apportation              Tloc           0%         N/A       100%        1
 Summon Small Mammal      Summ           0%         N/A       100%        1
 Conjure Flame            Conj/Fire      0%         6-21      100%        3
 Gell's Gravitas          Tloc           0%         N/A       100%        3
 Ignite Poison            Fire/Tmut/Pois 0%         N/A       100%        3
 Lesser Beckoning         Tloc           0%         N/A       100%        3
 Teleport Other           Tloc           0%         N/A       100%        3
 Sticky Flame             Conj/Fire      0%         2d3       100%        4


Dungeon Overview and Level Annotations

Branches:
Dungeon (6/15)
 Temple: D:4-7

Altars:
Nemelex Xobeh

Shops:
D:3 :   D:5 ==(!*

Annotations:
D:4 1 transporter
D:5 1 runed translucent door, patchburns1's ghost, novice DsGl


Innate Abilities, Weirdness & Mutations

You have a pair of horns on your head.
You reflexively headbutt those who attack you in melee.


Message History

The scorpion barely misses you.
You closely miss the scorpion.
The scorpion is almost dead.
You feel very sick. You block the water moccasin's attack.
The scorpion stings you but does no damage.
The water moccasin barely misses you. You block the scorpion's attack.
Your shield and chain mail prevent you from hitting the scorpion.
The scorpion is almost dead.
You feel sick. The water moccasin bites you.
* * * LOW HITPOINT WARNING * * *
You block the scorpion's attack. The water moccasin barely misses you.
You thump the scorpion!
You kill the scorpion!
You feel sick. The water moccasin bites you.
* * * LOW HITPOINT WARNING * * *
You are lethally poisoned!
The water moccasin poisons you!
The water moccasin bites you but does no damage.
You sock the water moccasin!
Your headbutt misses the water moccasin.
The water moccasin is severely wounded.
* * * LOW HITPOINT WARNING * * *
You feel very sick.
The water moccasin bites you but does no damage.
You block the water moccasin's attack.
Unknown command.
It was a potion of attraction.
You feel attractive to monsters.
* * * LOW HITPOINT WARNING * * *
You feel very sick. The water moccasin bites you.
* * * LOW HITPOINT WARNING * * *
You are more poisoned.
The water moccasin poisons you! You block the water moccasin's attack.
It was a potion of magic.
Magic courses through your body.
* * * LOW HITPOINT WARNING * * *
You feel extremely sick. The water moccasin bites you.
You die...

..# #.. ####
#..#...###
........##
###........#
#...........
#...........
#†S......
#@.......
#........
###........
##..........
#...........
##...........
#..>.........
######........
##..##.........


You could see a water moccasin.

Vanquished Creatures
  Grinder (D:3)
  Menkaure (D:4)
  A black bear (D:5)
  An ogre (D:4)
  A gnoll sergeant (D:6)
  A bullfrog (D:4)
  3 scorpions
  A howler monkey (D:5)
  4 hounds
  A bullfrog skeleton (D:5)
  Jessica (D:2)
  An iguana (D:4)
  Terence (D:2)
  A hound skeleton (D:4)
  Robin (D:4)
  6 gnolls
  6 adders
  A white imp (D:6)
  A worm (D:2)
  A dart slug (D:5)
  15 orcs
  4 endoplasms
  A giant cockroach (D:4)
  15 goblins
  15 hobgoblins
  4 kobolds
  3 quokkas
  11 ball pythons
  6 bats
  3 frilled lizards
  7 rats
119 creatures vanquished.

Notes
Turn   | Place    | Note
-------+----------+-------------------------------------------
     0 | D:1      | blank1 the Minotaur Fighter began the quest for the Orb.
     0 | D:1      | Reached XP level 1. HP: 19/19 MP: 0/0
     2 | D:1      | Noticed an elf
     2 | D:1      | Noticed an ogre
     4 | D:1      | Noticed a merfolk
     4 | D:1      | Noticed a tengu
     6 | D:1      | Noticed a vampire
     8 | D:1      | Noticed a human
    10 | D:1      | Noticed a spriggan
    12 | D:1      | Noticed a demonspawn
    14 | D:1      | Noticed a gargoyle
    14 | D:1      | Noticed a draconian
    16 | D:1      | Noticed a dwarf
    16 | D:1      | Noticed a felid
    18 | D:1      | Noticed a minotaur
    20 | D:1      | Noticed an octopode
    20 | D:1      | Noticed a naga
    22 | D:1      | Noticed a troll
    22 | D:1      | Noticed a vine stalker
    24 | D:1      | Noticed a formicid
    24 | D:1      | Noticed a ghoul
    26 | D:1      | Noticed a demigod
   157 | D:1      | Found a faded altar of an unknown god.
   186 | D:1      | Reached XP level 2. HP: 27/27 MP: 1/1
   368 | D:1      | Reached skill level 1 in Dodging
   464 | D:1      | Reached XP level 3. HP: 33/33 MP: 2/2
   850 | D:2      | Noticed Jessica
   859 | D:2      | Killed Jessica
   860 | D:2      | Reached XP level 4. HP: 36/41 MP: 3/3
  1062 | D:2      | Noticed Terence
  1067 | D:2      | Killed Terence
  1574 | D:3      | Reached skill level 5 in Fighting
  1581 | D:3      | Noticed Grinder
  1594 | D:3      | Killed Grinder
  1595 | D:3      | Reached skill level 5 in Maces & Flails
  1595 | D:3      | Reached XP level 5. HP: 35/50 MP: 4/4
  1595 | D:3      | Reached XP level 6. HP: 39/57 MP: 5/5
  1773 | D:3      | Found Hekemap's Book Emporium.
  2262 | D:4      | Reached XP level 7. HP: 41/66 MP: 6/6
  2386 | D:4      | Noticed Menkaure
  2400 | D:4      | Killed Menkaure
  2727 | D:4      | Noticed Robin
  2762 | D:4      | Killed Robin
  3055 | D:4      | Found a sparkling altar of Nemelex Xobeh.
  3055 | D:4      | Found a transporter.
  3297 | D:5      | Entered Level 5 of the Dungeon
  3323 | D:5      | Reached XP level 8. HP: 64/74 MP: 7/7
  3386 | D:5      | Found Gueveuz's Weapon Emporium.
  3395 | D:5      | Found Goetufekia's Jewellery Shop.
  3480 | D:5      | Found Loukhyr's Distillery.
  3514 | D:5      | Found a runed translucent door.
  3514 | D:5      | Noticed patchburns1's ghost (novice DsGl)
  3568 | D:5      | Found Qixkun's Assorted Antiques.
  3765 | D:5      | Found Xoruuk's Jewellery Emporium.
  4006 | D:6      | Reached skill level 5 in Armour
  4042 | D:6      | HP: 2/74 [poisoned by a water moccasin]
  4042 | D:6      | Slain by a water moccasin

Illustrated notes

Levels and vault maps discovered:
D:1:      kb_arrival_jail, layout_rooms, ebering_ecumenical_altar_rust
D:2:      layout_basic, grunt_ministairs_14, uniq_terence, uniq_jessica
D:3:      layout_rooms, serial_shops, nicolae_diamond_shop, uniq_grinder
D:4:      layout_basic, grunt_nemelex_the_gamble, minmay_misc_feat_roman,
          uniq_menkaure, uniq_robin
D:5:      layout_cave_pools, hellmonk_ghost_happy_afterlife, serial_shops,
          nicolae_shop_behind_doors, nicolae_shop_statue_plus, shop,
          nicolae_shop_hallway_plus, nicolae_shop_behind_doors,
          kennysheep_minor_cross
D:6:      layout_layer_cave, minmay_temple_entry_proselytizer

Skill      XL: |  1  2  3  4  5  6  7  8 |
---------------+-------------------------+-----
Dodging        | 1 2 3 4 |  4.0
Shields        | 4 |  4.0
Armour         | 4 5 |  5.4
Fighting       | 4 6 7 8 |  8.0
Maces & Flails | 3 5 6 7 8 |  8.0

Action                   |  1- 3 |  4- 6 |  7- 9 || total
-------------------------+-------+-------+-------++-------
Melee: Flail             |    63 |   118 |   124 ||   305
       Headbutt          |     4 |    16 |    23 ||    43
  Use: Potion            |       |     1 |     2 ||     3
       Scroll            |       |       |     3 ||     3
Armor: Scale mail        |    35 |     2 |       ||    37
       Chain mail        |       |    58 |    94 ||   152
Dodge: Dodged            |    26 |    52 |    34 ||   112
Block: Buckler           |    17 |    19 |       ||    36
       Tower shield      |       |    17 |   138 ||   155

Table legend: (Time is in decaauts)
 A = Elapsed time spent in this place.
 B = Non-inter-level travel time spent in this place.
 C = Inter-level travel time spent in this place.
 D = Time resting spent in this place.
 E = Time spent auto-exploring this place.
 F = Levels seen in this place.
 G = Mean time per level.
                   A        B        C        D        E       F      G
               +--------+--------+--------+--------+--------+-----+--------+
         Total |   4139 |   3997 |    142 |      0 |   3053 |   6 |  689.8 |
       Dungeon |   4139 |   3997 |    142 |      0 |   3053 |   6 |  689.8 |
               +--------+--------+--------+--------+--------+-----+--------+

Top non-repeatable levels by time:
     D:4: 1313 daAuts
     D:2: 905 daAuts
     D:1: 652 daAuts
     D:5: 604 daAuts
     D:3: 495 daAuts
     D:6: 167 daAuts
